 Dungeon Crawl Stone Soup version 0.31-a0-219-g8d62b2e7bb (webtiles) character file.

Game seed: 17821679690651445004

33 gelatine the Vexing (level 3, 0/26 HPs)
             Began as a Demonspawn Hexslinger on July 4, 2023.
             Succumbed to an adder's poison
             ... on level 2 of the Dungeon.
             The game lasted 00:03:04 (950 turns).

gelatine the Vexing (Demonspawn Hexslinger)          Turns: 950, Time: 00:03:05

Health: 0/26       AC:  2    Str:  8    XL:     3   Next: 12%
Magic:  5/5        EV: 12    Int: 16    God:
Gold:   30         SH:  0    Dex: 15    Spells: 4/5 levels left

rFire   . . .        a - +1 sling
rCold   . . .        (no shield)
rNeg    . . .        c - +0 robe
rPois   .            (no helmet)
rElec   .            (no cloak)
rCorr   .            (no gloves)
SInv    .            (no boots)
Will    +....        (no amulet)
Stlth   +            g - ring of willpower
HPRegen 0.24/turn    (no ring)
MPRegen 0.09/turn

%: no passive effects
@: lethally poisoned (0 -> -3)
A: powered by pain 1
a: no special abilities


You were on level 2 of the Dungeon.
You visited 1 branch of the dungeon, and saw 2 of its levels.

You collected 30 gold pieces.

Inventory:

Hand Weapons
 a - a +1 sling (weapon)
Armour
 c - a +0 robe (worn)
Jewellery
 g - a ring of willpower (left hand)
Scrolls
 b - a scroll of poison
 d - 2 scrolls of teleportation {unknown}
 e - a scroll of enchant armour {unknown}
Potions
 f - a potion of mutation {unknown}


   Skills:
 * Level 1.1 Fighting
 * Level 2.4 Ranged Weapons
 * Level 2.0 Dodging
 * Level 1.5 Spellcasting
 * Level 3.3 Hexes


You had 4 spell levels left.
You knew the following spells:

 Your Spells              Type           Power      Damage    Failure   Level
a - Slow                  Hex            44%        N/A       5%          1

Your spell library contained the following spells:

 Spells                   Type           Power      Damage    Failure   Level
 Sting                    Tmut/Pois      4%         1d3       22%         1
 Poisonous Vapours        Pois/Air       2%         N/A       32%         2
 Inner Flame              Hex/Fire       6%         N/A       32%         3
 Portal Projectile        Hex/Tloc       12%        N/A       32%         3
 Cause Fear               Hex            5%         N/A       50%         4
 Olgreb's Toxic Radiance  Pois           1%         N/A       91%         4


Dungeon Overview and Level Annotations

Branches:
Dungeon (2/15)

Altars:


Innate Abilities, Weirdness & Mutations

You sometimes gain a little power by taking damage.


Message History

You feel sick. The adder bites you. The adder barely misses you.
You shoot a sling bullet. The sling bullet misses the adder.
You feel sick. The adder closely misses you.
You shoot a sling bullet.
The sling bullet closely misses the adder.
You feel sick.
You are no longer poisoned.
The adder closely misses you. The adder bites you.
You are too injured to fight recklessly!
You are too injured to fight recklessly!
You are too injured to fight recklessly!
You are too injured to fight recklessly!
You are too injured to fight recklessly!
You shoot a sling bullet. The sling bullet misses the adder.
The adder bites you.
You are poisoned.
The adder poisons you! The adder closely misses you.
You shoot a sling bullet.
The sling bullet barely misses the adder.
You feel sick. The adder misses you.
You shoot a sling bullet.
The sling bullet closely misses the adder.
You feel sick. The adder bites you.
* * * LOW HITPOINT WARNING * * *
You are lethally poisoned!
The adder poisons you! The adder barely misses you.
You shoot a sling bullet. The sling bullet misses the adder.
* * * LOW HITPOINT WARNING * * *
You feel very sick. The adder barely misses you. The adder closely misses you.
You shoot a sling bullet. The sling bullet misses the adder.
* * * LOW HITPOINT WARNING * * *
You feel sick. The adder misses you.
You shoot a sling bullet.
The sling bullet hits the adder but does no damage.
* * * LOW HITPOINT WARNING * * *
You feel sick. The adder barely misses you. The adder misses you.
You shoot a sling bullet. The sling bullet hits the adder.
The adder is moderately wounded.
You die...

#.###...#
#.###...####.........#
...........+.........+
#.###...####.........
#.# #...# .......
#.###.#.# .....
#.......# ...
#####.### #S## #.#
#@.# #.# ##.#.### #.#
#†###.. #.# ##..#.###
#.# #.....#
#.#########...##
#........###..#
########.####.#
#......#


You could see an adder.

Vanquished Creatures
  6 bats
  5 endoplasms
  5 giant cockroaches (D:1)
  3 goblins (D:1)
  2 hobgoblins
  A quokka (D:1)
  4 frilled lizards
  2 kobolds (D:1)
  A rat (D:1)
29 creatures vanquished.

Notes
Turn   | Place    | Note
-------+----------+-------------------------------------------
     0 | D:1      | gelatine the Demonspawn Hexslinger began the quest for the
                  | Orb.
     0 | D:1      | Reached XP level 1. HP: 15/15 MP: 2/2
   112 | D:1      | Gained mutation: You sometimes gain a little power by
                  | taking damage. [demonic ancestry]
   112 | D:1      | Reached XP level 2. HP: 21/21 MP: 2/4
   656 | D:1      | Reached XP level 3. HP: 26/26 MP: 5/5
   768 | D:1      | Found a faded altar of an unknown god.
   949 | D:2      | HP: 1/26 [poisoned by an adder]
   950 | D:2      | Succumbed to an adder's poison

Illustrated notes

Levels and vault maps discovered:
D:1:      dpeg_arrival_tiny_d, layout_rooms, shapermc_ecumenical_altar_petra,
          kennysheep_flooded_box, minmay_worlds_worst_comb
D:2:      minmay_roachtagon, layout_loops_corners, minmay_misc_feat_cross

Skill      XL: |  1  2  3 |
---------------+----------+-----
Ranged Weapons | 2 |  2.4
Dodging        | 2 |  2.0
Fighting       | |  1.1
Spellcasting   | |  1.5
Hexes          | |  3.3

Action                     || total
---------------------------++-------
   Fire: Sling             ||   105
   Cast: Slow              ||    20
 Armour: Robe              ||     7
  Dodge: Dodged            ||    34

Table legend: (Time is in decaauts)
 A = Elapsed time spent in this place.
 B = Non-inter-level travel time spent in this place.
 C = Inter-level travel time spent in this place.
 D = Time resting spent in this place.
 E = Time spent auto-exploring this place.
 F = Levels seen in this place.
 G = Mean time per level.
                   A        B        C        D        E       F      G
               +--------+--------+--------+--------+--------+-----+--------+
         Total |    980 |    930 |     50 |      0 |    740 |   2 |  490.0 |
       Dungeon |    980 |    930 |     50 |      0 |    740 |   2 |  490.0 |
               +--------+--------+--------+--------+--------+-----+--------+

Top non-repeatable levels by time:
     D:1: 862 daAuts
     D:2: 118 daAuts
